 Dungeon Crawl Stone Soup version 0.27-a0-1334-g2746e35aca (webtiles) character file.

Game seed: 472512670182619475

7648 Arzdou the Cleaver (level 11, 0/99 HPs)
             Began as a Hill Orc Fighter on June 26, 2021.
             Was an Initiate of Gozag.
             Slain by a troll (10 damage)
             ... on level 10 of the Dungeon.
             The game lasted 00:35:37 (12457 turns).

Arzdou the Cleaver (Hill Orc Fighter)              Turns: 12457, Time: 00:35:40

Health: 0/99       AC: 19    Str: 22    XL:     11   Next: 18%
Magic:  11/11      EV:  5    Int:  8    God:    Gozag
Gold:   631        SH: 13    Dex: 11    Spells: 10/10 levels left

rFire    . . .     SeeInvis .   a - +0 war axe
rCold    . . .     Faith    .   p - +2 kite shield
rNeg     . . .     Spirit   .   D - +0 plate armour
rPois    .         Reflect  .   H - +0 hat
rElec    .         Harm     .   C - +0 cloak {Stlth+}
rCorr    .         Rampage  .   E - +2 pair of gloves
Will     .....                  G - +0 pair of boots
Stlth    ..........             (no amulet)
HPRegen  0.26/turn              j - +4 ring of slaying
MPRegen  0.12/turn              n - ring of flight

@: about to teleport, flying
A: no striking features
a: Renounce Religion, Potion Petition, Call Merchant, Bribe Branch


You were on level 10 of the Dungeon.
You worshipped Gozag.
Gozag was pleased with you.
You visited 1 branch of the dungeon, and saw 10 of its levels.

You collected 1259 gold pieces.
You spent 195 gold pieces at shops.
You paid 433 gold pieces to Gozag.

Inventory:

Hand Weapons
 a - a +0 war axe (weapon)
 b - a +0 hunting sling
Missiles
 f - 227 stones
Armour
 c - a +1 scale mail of fire resistance
 p - a +2 kite shield (worn)
 C - a +0 cloak of stealth (worn)
 D - a +0 plate armour (worn)
 E - a +2 pair of gloves (worn)
 G - a +0 pair of boots (worn)
 H - a +0 hat (worn)
Jewellery
 j - a +4 ring of slaying (left hand)
 l - an amulet of the acrobat
 n - a ring of flight (right hand)
 w - a ring of resist corrosion
Wands
 e - a wand of flame (20) (quivered)
 h - a wand of charming (10)
 q - a wand of mindburst (22)
 x - a wand of acid (22)
Scrolls
 d - a scroll of enchant armour {unknown}
 k - a scroll of noise {unknown}
 u - a scroll of magic mapping
 y - 2 scrolls of teleportation
Potions
 g - 5 potions of curing
 i - a potion of degeneration {unknown}
 m - a potion of heal wounds
 o - a potion of mutation {unknown}
 r - 2 potions of cancellation
 s - 3 potions of attraction
 t - a potion of berserk rage {unknown}
 v - 4 potions of brilliance
 A - a potion of flight {unknown}
 F - a potion of ambrosia


   Skills:
 * Level 9.7 Fighting
 * Level 13.5 Axes
 + Level 5.1 Slings
 + Level 7.4 Armour
 * Level 3.3 Stealth
 + Level 7.1 Shields
 + Level 0.3 Evocations


You had 10 spell levels left.
You didn't know any spells.
Your spell library contained the following spells:

 Spells                   Type           Power      Damage    Failure   Level
 Shock                    Conj/Air       0%         1d3       100%        1
 Static Discharge         Conj/Air       0%         N/A       100%        2
 Confusing Touch          Hex            0%         N/A       100%        3
 Gell's Gravitas          Tloc           0%         N/A       100%        3
 Swiftness                Air            0%         N/A       100%        3
 Airstrike                Air            0%         N/A       100%        4
 Petrify                  Tmut/Erth      0%         N/A       100%        4
 Lightning Bolt           Conj/Air       0%         1d11      100%        5
 Metabolic Englaciation   Hex/Ice        0%         N/A       100%        5
 Yara's Violent Unravell  Hex/Tmut       0%         3d3       100%        5


Dungeon Overview and Level Annotations

Branches:
Dungeon (10/15)            Temple (0/1) D:4            Lair (0/6) D:9
    Orc: D:9-12

Altars:
Elyvilon
Gozag
Makhleb
Nemelex Xobeh
Ru
Vehumet
Xom
Yredelemnul
Zin
The Shining One

Shops:
D:4 =   D:8 *[

Annotations:
D:8 3 runed translucent doors, Gruesome's ghost, journeyman DsNe
D:10 3 runed translucent doors, ploum's ghost, journeyman DDFi


Message History

The gnoll barely misses you.
You closely miss the troll. The troll bites you! You block the troll's attack.
The troll claws you. You block the gnoll's attack.
You barely miss the troll. You block the gnoll's attack.
The troll completely misses you. The troll barely misses you.
You block the troll's attack. You block the gnoll's attack.
You hit the troll.
The troll is lightly wounded.
The gnoll hits you from afar with a +0 spear.
The troll bites you.
* * * LOW HITPOINT WARNING * * *
You block the troll's attack. The troll claws you!
* * * LOW HITPOINT WARNING * * *
You block the gnoll's attack.
You hit the troll.
The troll is lightly wounded.
The gnoll hits you but does no damage. The troll barely misses you.
The troll claws you but does no damage. The troll barely misses you.
You block the gnoll's attack.
Your plate armour prevents you from hitting the troll.
The troll is lightly wounded.
The gnoll hits you but does no damage. The troll bites you but does no damage.
The troll claws you but does no damage. The troll completely misses you.
You block the gnoll's attack.
You hit the troll.
The troll is lightly wounded.
The gnoll hits you from afar with a +0 spear.
* * * LOW HITPOINT WARNING * * *
The troll bites you but does no damage. The troll claws you.
* * * LOW HITPOINT WARNING * * *
You block the troll's attack. You block the gnoll's attack.
Okay, then.
As you read the scroll of teleportation, it crumbles to dust.
You feel strangely unstable.
The gnoll hits you from afar with a +0 spear.
* * * LOW HITPOINT WARNING * * *
You block the troll's attack. The troll claws you but does no damage.
The troll claws you!
You die...
Your body crumbles into a pile of gold.

#####8.WWe+.##.###
#..$SG#.##.#
##∩8.##.##.#
######...>#
#......## #..###.#
#..# #.#
####..###.######
#.....[....(@Tg#
#.##...##.####g# #
#.....#.# #.#
##......####g####
##.#####...Yg..#
#.# #...g...# #.#
###...g...# #+#
#?........#
......#####...#


You could see a troll and 2 gnolls.

Vanquished Creatures
  Erica (D:8)
  Maggie (D:8)
  2 trolls
  11 yaks
  3 wyverns
  4 vampire mosquitoes (D:10)
  A steam dragon (D:7)
  Menkaure (D:5)
  2 water moccasins
  2 orc warriors
  A sky beast (D:7)
  A necrophage (D:8)
  2 black bears
  2 ice beasts
  2 wolves (D:9)
  2 ogres (D:4)
  4 centaurs
  2 gnoll sergeants
  3 scorpions
  A water moccasin skeleton (D:5)
  12 killer bees
  2 electric eels (D:9)
  5 wights (D:7)
  A centaur zombie (D:9)
  4 hounds
  3 jellies
  A centaur skeleton (D:6)
  2 orc priests
  A bullfrog skeleton (D:6)
  3 iguanas
  5 orc wizards
  A killer bee zombie (D:9)
  A hound skeleton (D:5)
  7 adders
  11 gnolls
  A river rat (D:3)
  A white imp (D:6)
  4 worms
  2 dart slugs
  22 orcs
  10 ball pythons
  10 endoplasms
  3 giant cockroaches
  7 goblins
  10 hobgoblins
  6 quokkas
  3 bats (D:2)
  4 frilled lizards
  7 kobolds
  5 rats
202 creatures vanquished.

Vanquished Creatures (others)
  6 plants (D:4)
6 creatures vanquished.

Grand Total: 208 creatures vanquished

Notes
Turn   | Place    | Note
-------+----------+-------------------------------------------
     0 | D:1      | Arzdou the Hill Orc Fighter began the quest for the Orb.
     0 | D:1      | Reached XP level 1. HP: 19/19 MP: 1/1
   198 | D:1      | Reached XP level 2. HP: 24/27 MP: 2/2
   595 | D:1      | Reached XP level 3. HP: 33/33 MP: 3/3
   890 | D:1      | Reached skill level 3 in Axes
  1542 | D:2      | Reached XP level 4. HP: 38/40 MP: 4/4
  1660 | D:2      | Reached skill level 1 in Slings
  2104 | D:3      | Reached XP level 5. HP: 31/46 MP: 5/5
  2365 | D:3      | Found an opulent altar of Gozag.
  2441 | D:3      | Found a faded altar of an unknown god.
  2805 | D:3      | Found a glowing golden altar of the Shining One.
  2805 | D:3      | Found a sparkling altar of Nemelex Xobeh.
  2827 | D:3      | Reached skill level 4 in Axes
  3376 | D:4      | Found Wapsus's Jewellery Emporium.
  3393 | D:4      | Noticed an ogre
  3399 | D:4      | Killed an ogre
  3400 | D:4      | Reached XP level 6. HP: 42/53 MP: 6/6
  3732 | D:4      | Reached skill level 5 in Axes
  3838 | D:4      | Noticed a black bear
  3850 | D:4      | Killed a black bear
  3851 | D:4      | Reached skill level 5 in Fighting
  3851 | D:4      | Reached XP level 7. HP: 30/61 MP: 7/7
  4056 | D:4      | Found a staircase to the Ecumenical Temple.
  4593 | D:5      | Entered Level 5 of the Dungeon
  4599 | D:5      | Noticed Menkaure
  4605 | D:5      | Killed Menkaure
  4606 | D:5      | Reached skill level 6 in Axes
  4764 | D:4      | HP: 2/61 [ogre (15)]
  4991 | D:5      | Reached skill level 5 in Armour
  5149 | D:5      | Reached skill level 7 in Axes
  5149 | D:5      | Reached XP level 8. HP: 22/70 MP: 8/8
  5749 | D:3      | Became a worshipper of Gozag Ym Sagoz the Greedy
  6425 | D:6      | Found a basalt altar of Yredelemnul.
  6431 | D:6      | Found a shimmering altar of Xom.
  6613 | D:6      | Reached skill level 8 in Axes
  6710 | D:6      | Reached skill level 5 in Shields
  6739 | D:6      | Reached skill level 9 in Axes
  7290 | D:7      | Reached XP level 9. HP: 60/78 MP: 9/9
  7395 | D:7      | Reached skill level 10 in Axes
  8316 | D:8      | Noticed Erica
  8339 | D:8      | Killed Erica
  8340 | D:8      | Reached skill level 11 in Axes
  8526 | D:8      | Reached XP level 10. HP: 78/90 MP: 10/10
  8682 | D:8      | Found a runed translucent gate.
  8682 | D:8      | Found a runed translucent gate.
  8682 | D:8      | Found a runed translucent gate.
  8724 | D:8      | Found Xoisab's Antique Armour Shoppe.
  8733 | D:8      | Bought a shiny kite shield for 195 gold pieces
  9104 | D:8      | Noticed Maggie
  9120 | D:8      | Killed Maggie
  9121 | D:8      | Reached skill level 12 in Axes
  9121 | D:8      | Reached skill level 1 in Stealth
  9133 | D:8      | Noticed Gruesome's ghost (journeyman DsNe)
  9198 | D:8      | Found Zin's Purification Station.
  9204 | D:8      | Found a glowing silver altar of Zin.
  9412 | D:8      | Found a burning altar of Makhleb.
  9412 | D:8      | Noticed a cacodemon
  9416 | D:8      | Noticed an orange demon
  9749 | D:8      | Reached skill level 5 in Slings
  9989 | D:9      | Found a staircase to the Lair.
 10417 | D:9      | Found a radiant altar of Vehumet.
 10433 | D:9      | Reached skill level 13 in Axes
 11005 | D:10     | Entered Level 10 of the Dungeon
 11232 | D:10     | Reached XP level 11. HP: 97/97 MP: 11/11
 11235 | D:10     | Noticed a four-headed hydra
 11487 | D:10     | Found a sacrificial altar of Ru.
 11503 | D:10     | Found a white marble altar of Elyvilon.
 12304 | D:10     | Found a runed translucent gate.
 12305 | D:10     | Found a runed translucent gate.
 12306 | D:10     | Found a runed translucent gate.
 12308 | D:10     | Found an opulent altar of Gozag.
 12308 | D:10     | Noticed a deep elf pyromancer
 12309 | D:10     | Noticed a stone giant
 12309 | D:10     | Noticed a fire crab
 12309 | D:10     | Noticed ploum's ghost (journeyman DDFi)
 12396 | D:10     | Noticed a two-headed ogre
 12457 | D:10     | Slain by a troll

Illustrated notes

Levels and vault maps discovered:
D:1:      dpeg_arrival_round_c, layout_basic
D:2:      layout_basic
D:3:      layout_basic, grunt_gozag_statues,
          chequers_temple_overflow_statue_of_worship, portal_sewer_entry_b,
          shapermc_ecumenical_altar_starsandcircs, uniq_crazy_yiuf_cottage
D:4:      layout_gridville, minmay_temple_entry_overgrown, serial_shops, shop,
          hangedman_decor_peaks_small, minmay_close_crescents
D:5:      layout_rooms, uniq_menkaure
D:6:      layout_loops_ring, grunt_temple_overflow_open
D:7:      layout_basic
D:8:      layout_cave_pools, makhleb_altar_promises_db, zin_purify,
          gammafunk_ghost_icy, serial_shops, nicolae_stop_n_shop_2,
          nrook_campfire, uniq_maggie, uniq_erica
D:9:      layout_irregular_city, vehumet_altar_wand_db, erik_lair_island
D:10:     layout_loops_corners, nicolae_overflow_hidden_temple,
          elyvilon_altar_1, ebering_ghost_gozag, dk_noncrumbling_3,
          minmay_circle_x

Skill      XL: |  1  2  3  4  5  6  7  8  9 10 11 |
---------------+----------------------------------+-----
Fighting       | 4 5 6 8 9 |  9.7
Axes           | 3 4 5 7 9 11 13 | 13.5
Shields        | 4 5 6 7 |  7.1
Slings         | 1 2 3 4 5 |  5.1
Armour         | 4 5 6 7 |  7.4
Stealth        | 2 3 |  3.3
Evocations     | |  0.3

Action                   |  1- 3 |  4- 6 |  7- 9 | 10-12 || total
-------------------------+-------+-------+-------+-------++-------
Melee: War axe           |    60 |    95 |   181 |   261 ||   597
 Fire: Hunting sling     |    22 |    32 |    58 |    23 ||   135
Invok: Potion Petition   |       |       |     1 |     1 ||     2
Evoke: Wand              |       |       |       |    10 ||    10
  Use: Scroll            |       |     6 |     6 |     5 ||    17
       Potion            |       |       |     4 |     3 ||     7
 Stab: Distracted        |       |       |       |     1 ||     1
Armor: Scale mail        |    27 |    46 |    67 |       ||   140
       Plate armour      |       |       |    36 |   217 ||   253
       Skin              |       |       |     4 |       ||     4
Dodge: Dodged            |    16 |    32 |    33 |    76 ||   157
Block: Kite shield       |    23 |    56 |    95 |   274 ||   448

Table legend: (Time is in decaauts)
 A = Elapsed time spent in this place.
 B = Non-inter-level travel time spent in this place.
 C = Inter-level travel time spent in this place.
 D = Time resting spent in this place.
 E = Time spent auto-exploring this place.
 F = Levels seen in this place.
 G = Mean time per level.
                   A        B        C        D        E       F      G
               +--------+--------+--------+--------+--------+-----+--------+
         Total |  12645 |  12196 |    449 |   1060 |   8901 |  10 | 1264.5 |
       Dungeon |  12645 |  12196 |    449 |   1060 |   8901 |  10 | 1264.5 |
               +--------+--------+--------+--------+--------+-----+--------+

Top non-repeatable levels by time:
     D:4: 1883 daAuts
     D:9: 1702 daAuts
     D:3: 1489 daAuts
     D:7: 1338 daAuts
     D:1: 1234 daAuts
    D:10: 1203 daAuts
     D:8: 1184 daAuts
     D:6: 939 daAuts
     D:5: 871 daAuts
     D:2: 798 daAuts
